 Dungeon Crawl Stone Soup version 0.30-a0-777-ga9a30cbeda (webtiles) character file.

Game seed: 6232922745650165427

4416 lesbiats the Grappler (level 10, -15/100 HPs)
             Began as a Troll Fighter on Feb 15, 2023.
             Was a Follower of Wu Jian.
             Demolished by a rakshasa
             ... wielding a +0 long sword
              (20 damage)
             ... on level 9 of the Dungeon.
             The game lasted 00:35:13 (9059 turns).

lesbiats the Grappler (Troll Fighter)               Turns: 9059, Time: 00:35:13

Health: -15/100    AC: 11    Str: 26    XL:     10   Next: 14%
Magic:  9/9        EV:  9    Int:  8    God:    Wu Jian [*.....]
Gold:   74         SH: 10    Dex: 13    Spells: 7/9 levels left

rFire   + . .      SeeInvis .      - Unarmed
rCold   . . .      Faith    .    b - +0 kite shield
rNeg    + . .      Spirit   .    F - quicksilver dragon scales
rPois   +          Reflect  .    (helmet restricted)
rElec   .          Harm     .    (no cloak)
rCorr   .          Rampage  .    (gloves unavailable)
Will    +....                    (boots unavailable)
Stlth   +                        (no amulet)
HPRegen 1.16/turn                E - ring "Ginuytar" {rPois rF+ rN+ Dex+4}
MPRegen 0.11/turn                B - ring of flight

@: flying
A: large, unfitting armour, claws 3, regeneration 1, shaggy fur 1, tough skin 1
a: Renounce Religion


You were on level 9 of the Dungeon.
You worshipped Wu Jian.
Wu Jian was aware of your devotion.
You visited 2 branches of the dungeon, and saw 10 of its levels.
You also visited: Sewer.

You collected 586 gold pieces.
You spent 512 gold pieces at shops.

Inventory:

Missiles
 m - 34 poisoned darts (quivered)
Armour
 a - a +0 robe
 b - a +0 kite shield (worn)
 F - quicksilver dragon scales (worn)
Jewellery
 n - a ring of resist corrosion
 B - a ring of flight (right claw)
 D - an amulet of magic regeneration
 E - the ring "Ginuytar" (left claw) {rPois rF+ rN+ Dex+4}
   (You bought it in a shop on level 1 of the Dungeon)

   [ring of positive energy]

   Dex:       It affects your dexterity (+4).
   rF:        It protects you from fire.
   rPois:     It protects you from poison.
   rN:        It protects you from negative energy.
 H - an amulet of guardian spirit
 I - the amulet of the Bellicose Cherry {Faith Drain rC+ Str+8 Slay+3}
   (You found it on level 9 of the Dungeon)

   [amulet of faith]

   It allows you to gain divine favour quickly.
   Str:       It affects your strength (+8).
   Slay:      It affects your accuracy & damage with ranged weapons and melee
   (+3).
   rC:        It protects you from cold.
   Drain:     It drains your maximum health when unequipped.
Wands
 r - a wand of flame (42)
 C - a wand of iceblast (7)
 J - a wand of mindburst (10)
Scrolls
 d - a scroll of teleportation
 e - 2 scrolls of magic mapping {unknown}
 f - 2 scrolls of butterflies {unknown}
 h - 2 scrolls of poison
 p - a scroll of brand weapon {unknown}
 s - 3 scrolls of enchant weapon
 t - 2 scrolls of fog {unknown}
 w - a scroll of acquirement {unknown}
 y - a scroll of enchant armour {unknown}
 A - 3 scrolls of noise {unknown}
Potions
 c - a potion of might
 g - 2 potions of brilliance {unknown}
 i - 3 potions of mutation
 j - a potion of flight {unknown}
 k - 2 potions of ambrosia
 l - 2 potions of degeneration {unknown}
 o - a potion of cancellation {unknown}
 q - 2 potions of curing
 u - 2 potions of resistance
 v - 3 potions of heal wounds
 x - 3 potions of lignification
 z - 4 potions of berserk rage
 G - a potion of attraction {unknown}


   Skills:
 + Level 6.5 Fighting
 + Level 3.6 Dodging
 + Level 7.1 Shields
 * Level 10.5 Unarmed Combat


You had 7 spell levels left.
You knew the following spells:

 Your Spells              Type           Power      Damage    Failure   Level
a - Passwall              Tmut/Erth      0%         N/A       91%         2

Your spell library contained the following spells:

 Spells                   Type           Power      Damage    Failure   Level
 Sandblast                Erth           0%         2d4       80%         1
 Stone Arrow              Conj/Erth      0%         3d7       99%         3
 Chain Lightning          Conj/Air       0%         N/A       100%        9
 Fire Storm               Conj/Fire      0%         5d1       100%        9
 Shatter                  Erth           0%         3d5*      100%        9


Dungeon Overview and Level Annotations

Branches:
Dungeon (9/15)             Temple (1/1) D:5            Lair (0/5) D:9
    Orc (0/2) D:9           Sewer (visited)

Altars:
Dithmenos
Elyvilon
Gozag
Makhleb
Nemelex Xobeh
Qazlal
Sif Muna
Trog
Uskayaw
Wu Jian
Xom
Yredelemnul

Shops:
D:1 =   D:3 :   D:8 *

Annotations:
D:9 Gastronok


Innate Abilities, Weirdness & Mutations

You are too large for most types of armour.
You have claws for hands.
Your natural rate of healing is unusually fast.
You are covered in fur. (AC +1)
You have tough skin. (AC +1)


Message History

The bullfrog hits you but does no damage.
The centaur wields a +0 shortbow.
The centaur shoots an arrow.
You block the arrow. The wyvern bites you!
* * * LOW HITPOINT WARNING * * *
The swamp drake breathes poison at you.
The noxious blast engulfs you but does no damage.
You resist. The bullfrog attacks as you move away!
The bullfrog barely misses you.
The bullfrog is engulfed in noxious fumes.
The bullfrog appears confused.
The centaur shoots an arrow.
The arrow hits you.
* * * LOW HITPOINT WARNING * * *
The wyvern is engulfed in noxious fumes.
The wyvern appears confused.
You spin and attack the rakshasa repeatedly.
You claw the rakshasa!
The rakshasa is lightly wounded.
You mangle the rakshasa!!
The rakshasa is heavily wounded.
The wyvern closely misses the two-headed ogre.
The rakshasa gestures at you. The lance of force hits you!!
* * * LOW HITPOINT WARNING * * *
You are knocked back by the lance of force.
You slam into the rock wall!
* * * LOW HITPOINT WARNING * * *
The two-headed ogre is engulfed in noxious fumes.
The two-headed ogre appears confused.
The two-headed ogre screams, "I'll kill you anyway!"
The bullfrog is engulfed in noxious fumes.
The bullfrog appears confused.
You spin and attack the rakshasa.
You closely miss the rakshasa.
The rakshasa is heavily wounded.
The rakshasa weaves an illusion.
The swamp drake shimmers and seems to become two!
The wyvern bites the swamp drake.
The two-headed ogre asks, "Where am I?"
The bullfrog closely misses the centaur.
The rakshasa attacks as you move away!
The rakshasa hits you with a +0 long sword!!
You die...

.#o.RRR..........................
.#########w#....#............####
........>.......'..........###
########.o.....# ).........#
#......k# #'#.#....# #.....F.#
#.?.#....# #.....k.# #..#....#
#.###.c.######......#####.
########.# #O.cR@................
.Oc†....)# #.########$#....#####.
########## #.# #.....#....# #.#
#.##.......# ###
#.####.###...###[...#
#......##P.l..##....#
########PPP....#....#
#PP.P...#....# #...PP...#####


You could see a rakshasa, a two-headed ogre (confused), a swamp drake, an orc
warrior and 2 centaurs.

Vanquished Creatures
  A hornet (D:9)
  Sigmund (D:5)
  Eustachio (D:4)
  A steam dragon (D:9)
  Menkaure (D:4)
  2 water moccasins
  3 sky beasts
  A black bear (D:8)
  3 orc warriors
  3 ogres
  2 centaurs
  3 kobold brigands
  3 bullfrogs
  5 phantoms
  2 scorpions (D:4)
  4 wights (D:9)
  6 killer bees (D:9)
  4 howler monkeys
  4 hounds
  6 orc priests
  4 iguanas
  4 orc wizards
  3 gnolls (D:3)
  14 adders
  5 river rats (Sewer)
  2 shadow imps
  2 white imps
  An ufetubus (D:5)
  2 worms (D:2)
  3 dart slugs
  28 orcs
  3 ball pythons
  3 endoplasms
  5 giant cockroaches
  10 goblins
  8 hobgoblins
  8 jackals
  2 quokkas
  11 bats
  13 frilled lizards
  13 kobolds
  7 rats
207 creatures vanquished.

Vanquished Creatures (others)
  36 plants
36 creatures vanquished.

Grand Total: 243 creatures vanquished

Notes
Turn   | Place    | Note
-------+----------+-------------------------------------------
     0 | D:1      | lesbiats the Troll Fighter began the quest for the Orb.
     0 | D:1      | Reached XP level 1. HP: 22/22 MP: 0/0
    92 | D:1      | Found a faded altar of an unknown god.
    95 | D:1      | Reached XP level 2. HP: 29/29 MP: 1/1
   194 | D:1      | Found Xaosol's Jewellery Boutique.
   303 | D:1      | Reached XP level 3. HP: 32/34 MP: 2/2
   548 | D:2      | Found a hide-covered altar of Uskayaw.
   575 | D:2      | Reached skill level 3 in Unarmed Combat
   662 | D:2      | Reached XP level 4. HP: 40/44 MP: 3/3
  1362 | D:3      | Found Cishaole's Book Shop.
  1362 | D:3      | Found a burning altar of Makhleb.
  1382 | D:3      | Reached XP level 5. HP: 49/53 MP: 4/4
  1393 | D:3      | Reached skill level 4 in Unarmed Combat
  1483 | D:3      | Found a white marble altar of Elyvilon.
  1545 | D:3      | Found a bloodstained altar of Trog.
  2332 | D:4      | Found a glowing drain.
  2403 | Sewer    | Entered a sewer
  2430 | Sewer    | Reached XP level 6. HP: 58/61 MP: 5/5
  2551 | Sewer    | Reached skill level 5 in Unarmed Combat
  3237 | D:4      | Noticed Eustachio
  3294 | D:4      | Killed Eustachio
  3295 | D:4      | Reached XP level 7. HP: 47/70 MP: 6/6
  3323 | D:4      | Found a shimmering altar of Xom.
  3334 | D:4      | Learned a level 2 spell: Passwall
  3626 | D:4      | Reached skill level 6 in Unarmed Combat
  4178 | D:4      | Noticed Menkaure
  4192 | D:4      | Killed Menkaure
  4432 | D:4      | Found a shimmering blue altar of Sif Muna.
  4517 | D:5      | Entered Level 5 of the Dungeon
  4525 | D:5      | Reached skill level 5 in Shields
  4525 | D:5      | Reached skill level 7 in Unarmed Combat
  4525 | D:5      | Reached XP level 8. HP: 55/79 MP: 7/7
  5054 | D:5      | Reached skill level 5 in Fighting
  5069 | D:5      | Noticed Sigmund
  5122 | D:5      | HP: 4/80 [poisoned by a scorpion]
  5303 | D:5      | Reached skill level 8 in Unarmed Combat
  5336 | D:5      | Found a sparkling altar of Nemelex Xobeh.
  5378 | D:5      | Found a staircase to the Ecumenical Temple.
  5387 | Temple   | Entered the Ecumenical Temple
  5445 | Temple   | Became a worshipper of the Wu Jian Council
  5688 | D:5      | Killed Sigmund
  6074 | D:6      | Reached XP level 9. HP: 88/88 MP: 8/8
  6232 | D:6      | Found a shadowy altar of Dithmenos.
  6348 | D:6      | Reached skill level 9 in Unarmed Combat
  7859 | D:8      | Found an opulent altar of Gozag.
  7926 | D:8      | Found Gozag's Platinum Reserve.
  7942 | D:8      | Reached * piety under Wu Jian
  8176 | D:8      | Reached skill level 10 in Unarmed Combat
  8395 | D:1      | Bought the ring "Ginuytar" {rPois rF+ rN+ Dex+4} for 512
                  | gold pieces
  8579 | D:9      | Found a staircase to the Orcish Mines.
  8690 | D:9      | Reached XP level 10. HP: 84/100 MP: 9/9
  8742 | D:9      | Noticed a two-headed ogre
  8861 | D:9      | Paralysed by a hornet for 2 turns
  8874 | D:9      | Identified the amulet of the Bellicose Cherry {Faith Drain
                  | rC+ Str+8 Slay+3}
  8896 | D:9      | Noticed Gastronok
  8896 | D:9      | Noticed a rakshasa
  8911 | D:9      | Noticed a black mamba
  8918 | D:9      | HP: 3/100 [orc warrior (illusionary)/+0 broad axe (10)]
  8968 | D:9      | Found a staircase to the Lair.
  9055 | D:9      | HP: 3/100 [rakshasa/lance of force (25)]
  9059 | D:9      | Demolished by a rakshasa

Illustrated notes

Levels and vault maps discovered:
D:1:      minmay_arrival_hallway, layout_basic, serial_shops,
          nicolae_shop_hallway_stairs, basic_ecumenical_altar
D:2:      cheibrodos_pilgrimage, layout_basic, basic_altar,
          amcnicky_mini_pool_small, wad_orctagon
D:3:      layout_basic, amcnicky_altar_gilded, mainiacjoe_overflow_catwalk,
          elyvilon_altar_4, serial_shops, nicolae_shop_statue_plus,
          amethyst_killhole, minmay_misc_feat_roman
D:4:      layout_loops_ring, kennysheep_orc_sif_temple,
          mainiacjoe_overflow_tiny_flanked, gup_sewer_entry_glass,
          minmay_crystal_water, uniq_menkaure, uniq_eustachio
D:5:      layout_cave_pods, nemelex_dance_club_becter,
          minmay_temple_entry_gardened_gates, kennysheep_small_square,
          uniq_sigmund
D:6:      layout_basic, nicolae_dithmenos_the_darkroom, serial_rivers,
          chequers_serial_rivers_small_b, chequers_serial_rivers_micro_c,
          chequers_serial_rivers_small_3, chequers_serial_rivers_micro_b,
          chequers_serial_rivers_micro_e, chequers_serial_rivers_marsh
D:7:      layout_basic
D:8:      layout_rooms, nicolae_gozag_zags_fifth_avenue,
          hangedman_decor_clover_reticule
D:9:      layout_basic, mainiacjoe_overflow_alcove_4, david_lair_shrubbed,
          minmay_orc_entry_temple_small, enter_bailey_7, uniq_gastronok
Temple:   nicolae_temple_figure_eight

Skill      XL: |  1  2  3  4  5  6  7  8  9 |
---------------+----------------------------+-----
Shields        | 3 4 5 6 7 |  7.1
Unarmed Combat | 3 4 5 7 8 10 | 10.5
Fighting       | 3 4 5 6 |  6.5
Dodging        | 3 |  3.6

Action                     |  1- 3 |  4- 6 |  7- 9 | 10-12 || total
---------------------------+-------+-------+-------+-------++-------
  Melee: Unarmed           |    97 |   232 |   326 |    41 ||   696
   Cast: Passwall          |       |       |     1 |       ||     1
Ability: Lunge             |       |       |    20 |     1 ||    21
         Whirlwind         |       |       |     5 |    17 ||    22
    Use: Potion            |       |     1 |     3 |     1 ||     5
         Scroll            |       |       |    10 |     2 ||    12
   Stab: Sleeping          |     1 |       |       |       ||     1
 Armour: Robe              |    33 |    45 |    57 |       ||   135
         Quicksilver drago |       |       |    12 |    32 ||    44
  Dodge: Dodged            |    30 |    64 |    95 |    42 ||   231
  Block: Kite shield       |    31 |    64 |   164 |    49 ||   308

Table legend: (Time is in decaauts)
 A = Elapsed time spent in this place.
 B = Non-inter-level travel time spent in this place.
 C = Inter-level travel time spent in this place.
 D = Time resting spent in this place.
 E = Time spent auto-exploring this place.
 F = Levels seen in this place.
 G = Mean time per level.
                   A        B        C        D        E       F      G
               +--------+--------+--------+--------+--------+-----+--------+
         Total |   9075 |   7254 |   1821 |    454 |   4441 |  11 |  825.0 |
       Dungeon |   8217 |   6411 |   1806 |    439 |   4038 |   9 |  913.0 |
        Temple |     71 |     56 |     15 |      0 |     54 |   1 |   71.0 |
         Sewer |    786 |    786 |      0 |     15 |    349 |   1 |  786.0 |
               +--------+--------+--------+--------+--------+-----+--------+

Top non-repeatable levels by time:
     D:4: 1722 daAuts
     D:5: 1214 daAuts
     D:7: 1071 daAuts
     D:3: 922 daAuts
     D:6: 908 daAuts
     D:2: 885 daAuts
   Sewer: 786 daAuts
     D:1: 541 daAuts
     D:9: 502 daAuts
     D:8: 448 daAuts
  Temple: 71 daAuts
